 Dungeon Crawl Stone Soup version 0.31-a0-851-g7ff8af7976 (webtiles) character file.

Game seed: 12820488411738102241

1689 BinkBink the Skirmisher (level 8, -9/44 HPs)
             Began as a Spriggan Hunter on Oct 5, 2023.
             Mangled by Duvessa
             ... wielding a +0 short sword
              (11 damage)
             ... on level 5 of the Dungeon.
             The game lasted 00:07:29 (4956 turns).

BinkBink the Skirmisher (Spriggan Hunter)           Turns: 4956, Time: 00:07:30

Health: -9/44      AC:  4    Str:  7    XL:     8   Next: 71%
Magic:  9/9        EV: 19    Int: 10    God:
Gold:   246        SH:  0    Dex: 27    Spells: 7/7 levels left

rFire   . . .        a - +0 shortbow
rCold   . . .        (shield currently unavailable)
rNeg    . . .        c - +0 robe
rPois   .            w - +2 hat
rElec   .            (no cloak)
rCorr   .            (gloves unavailable)
SInv    +            (boots unavailable)
Will    +....        (no amulet)
Stlth   +++          m - +6 ring of dexterity
HPRegen 0.27/turn    t - ring of flight
MPRegen 0.11/turn

%: no passive effects
@: flying, very quick
A: very small, no large weapons, unfitting armour, see invisible, speed 3
a: no special abilities


You were on level 5 of the Dungeon.
You visited 1 branch of the dungeon, and saw 8 of its levels.

You collected 246 gold pieces.

Inventory:

Hand Weapons
 a - a +0 shortbow (weapon)
Armour
 c - a +0 robe (worn)
 w - a +2 hat (worn)
Jewellery
 j - a ring of fire
 m - a +6 ring of dexterity (left hand)
 s - a ring of protection from fire
 t - a ring of flight (right hand)
 v - an amulet of faith
Wands
 u - a wand of polymorph (11)
 x - a wand of digging (9)
Scrolls
 b - a scroll of butterflies
 d - 7 scrolls of identify {unknown}
 g - a scroll of fog {unknown}
 h - a scroll of torment {unknown}
 n - 2 scrolls of fear
 p - 2 scrolls of brand weapon {unknown}
 y - a scroll of vulnerability {unknown}
Potions
 e - a potion of might {unknown}
 f - 3 potions of curing {unknown}
 i - 2 potions of mutation {unknown}
 k - a potion of attraction {unknown}
 l - a potion of haste {unknown}
 o - a potion of cancellation {unknown}
 q - a potion of enlightenment {unknown}
 r - a potion of brilliance {unknown}


   Skills:
 + Level 5.6 Fighting
 * Level 10.0 Ranged Weapons
 - Level 2.6 Dodging
 - Level 1.5 Stealth


You had 7 spell levels left.
You didn't know any spells.
Your spell library contained the following spells:

 Spells                   Type           Power      Damage    Failure   Level
 Slow                     Hex            0%         N/A       36%         1
 Confusing Touch          Hex            0%         N/A       75%         3
 Sigil of Binding         Hex            0%         N/A       75%         3
 Vampiric Draining        Necr           0%         2d6       75%         3


Dungeon Overview and Level Annotations

Branches:
Dungeon (8/15)
 Temple: D:4-7         Lair: D:8-11

Altars:
Uskayaw

Shops:
D:1 (

Annotations:
D:3 1 runed translucent door, Crazy Yiuf
D:5 Duvessa


Innate Abilities, Weirdness & Mutations

You are very small and have problems with some larger weapons.
You are too small for most types of armour.
You have supernaturally acute eyesight. (SInv)
You cover ground extremely quickly. (Speed+++)


Message History

Found 6 stones.
Found a stone staircase leading up.
There is a stone staircase leading up here.
You fly upwards.
You hear the hiss of flowing sand.
There is an entrance to an ossuary on this level.
Hurry and find it before the portal is buried!
You hear the slow hiss of an avalanche of sand very nearby.
Found 11 gold pieces.
There is a stone staircase leading down here.
You shoot an arrow. The arrow completely misses Dowan.
You shoot an arrow.
Dowan shouts!
The arrow hits Dowan!
Dowan is moderately wounded.
Dowan points at something and mumbles some strange words.
Duvessa, Sister of Dowan comes into view.
She is wielding a +0 short sword.
You shoot an arrow. The arrow hits Dowan!
Dowan is almost dead.
Dowan casts a spell.
Dowan blinks!
You shoot an arrow. The arrow hits Duvessa!
Duvessa is moderately wounded.
You shoot an arrow. The arrow hits Dowan.
You kill Dowan!
Duvessa weeps, and shakes her weapon.
Duvessa goes berserk!
Your Ranged Weapons skill increases to level 10!
You shoot an arrow. The arrow barely misses Duvessa.
You shoot an arrow. The arrow hits Duvessa.
Duvessa is moderately wounded.
You shoot an arrow. The arrow barely misses Duvessa.
Duvessa misses you. Duvessa hits you with a +0 short sword!
You shoot an arrow. The arrow hits Duvessa!
Duvessa is heavily wounded.
Duvessa hits you with a +0 short sword!
You are too injured to fight recklessly!
Duvessa attacks as she pursues you! Duvessa hits you with a +0 short sword!
* * * LOW HITPOINT WARNING * * *
Duvessa attacks as she pursues you! Duvessa hits you with a +0 short sword!
You die...

.###.#....
.....#.$.)
.......# .
......###
..
+......#...
#..........
#>.......
#e.......
#@.......
#..#......
#..##.#.##
..## ## .#
+.. # ...
.### ..


You could see Duvessa (berserk, fast).

Vanquished Creatures
  Pikel (D:4)
  Sigmund (D:2)
  Eustachio (D:4)
  Menkaure (D:5)
  A sky beast (D:4)
  A phantom (D:6)
  4 lemures (D:4)
  A scorpion (D:4)
  Dowan (D:5)
  3 hounds
  2 orc priests (D:5)
  2 sleepcaps (D:4)
  An orc wizard (D:5)
  2 iguanas
  Robin (D:4)
  10 gnolls
  2 adders
  A worm (D:3)
  3 dart slugs
  5 orcs
  8 bats
  8 endoplasms
  5 giant cockroaches
  13 goblins
  10 hobgoblins
  6 quokkas
  10 ball pythons
  19 frilled lizards
  6 kobolds
  11 rats
140 creatures vanquished.

Notes
Turn   | Place    | Note
-------+----------+-------------------------------------------
     0 | D:1      | BinkBink the Spriggan Hunter began the quest for the Orb.
     0 | D:1      | Reached XP level 1. HP: 10/10 MP: 2/2
   130 | D:1      | Reached XP level 2. HP: 15/15 MP: 3/3
   243 | D:1      | Found Odameynn's Weapon Emporium.
   653 | D:1      | Reached XP level 3. HP: 18/18 MP: 4/4
   805 | D:2      | Reached skill level 5 in Ranged Weapons
   820 | D:2      | Reached XP level 4. HP: 18/23 MP: 5/5
  1014 | D:2      | Noticed Sigmund
  1028 | D:2      | Killed Sigmund
  1029 | D:2      | Reached skill level 6 in Ranged Weapons
  1029 | D:2      | Reached XP level 5. HP: 28/28 MP: 6/6
  1191 | D:2      | Reached XP level 6. HP: 32/32 MP: 7/7
  2105 | D:3      | Found a runed translucent door.
  2106 | D:3      | Noticed Crazy Yiuf
  2494 | D:4      | Noticed Eustachio
  3098 | D:4      | Noticed a sky beast
  3172 | D:4      | Killed a sky beast
  3173 | D:4      | Reached skill level 7 in Ranged Weapons
  3320 | D:4      | Noticed Pikel
  4113 | D:4      | Killed Eustachio
  4114 | D:4      | Reached XP level 7. HP: 37/37 MP: 8/8
  4137 | D:4      | Noticed Robin
  4150 | D:4      | Killed Robin
  4276 | D:4      | Killed Pikel
  4277 | D:4      | Reached skill level 8 in Ranged Weapons
  4277 | D:4      | Reached XP level 8. HP: 30/42 MP: 9/9
  4381 | D:4      | Reached skill level 5 in Fighting
  4381 | D:4      | Reached skill level 9 in Ranged Weapons
  4552 | D:4      | Found a hide-covered altar of Uskayaw.
  4754 | D:5      | Entered Level 5 of the Dungeon
  4814 | D:5      | Noticed Menkaure
  4820 | D:5      | Killed Menkaure
  4887 | D:5      | You are sucked into a shaft and drop 3 floors!
  4945 | D:5      | Noticed Dowan
  4947 | D:5      | Noticed Duvessa
  4950 | D:5      | Killed Dowan
  4951 | D:5      | Reached skill level 10 in Ranged Weapons
  4955 | D:5      | HP: 2/44 [Duvessa/+0 short sword (15)]
  4956 | D:5      | Mangled by Duvessa

Illustrated notes

Levels and vault maps discovered:
D:1:      pf_arrival_petrified_forest, layout_loops_ring, serial_shops,
          nicolae_shop_real_fake_doors, minmay_lizard_king
D:2:      layout_loops_cross, minmay_misc_feat_enclosed,
          nicolae_figureground_pulse, uniq_sigmund
D:3:      layout_loops_corners, uniq_crazy_yiuf_cottage
D:4:      minmay_angry_zag, layout_loops_corners, lemuel_coloured_pillars_altar,
          hellmonk_no_cap, uniq_pikel, uniq_eustachio, uniq_robin
D:5:      layout_cave_pools, nemelex_spade_bored_becter,
          nicolae_ossuary_entry_false_entrances, serial_gnoll_camp,
          gnoll_camp_mini_loothouse, grums_kennel, gnoll_camp_mini_house,
          gnoll_camp_mini_doghouse, gnoll_camp_mini_basic, gnoll_camp_mini_hut,
          grunt_ministairs_11, uniq_duvessa, uniq_menkaure
D:6:      layout_loops_ring, minmay_fractal_squares_gapless_5
D:7:      layout_cave_pools, nicolae_overflow_crystal_walls,
          minmay_temple_entry_trees, uniq_joseph
D:8:      layout_loops_cross, hangedman_abyss_or_decor_stagger

Skill      XL: |  1  2  3  4  5  6  7  8 |
---------------+-------------------------+-----
Fighting       | 2 3 4 5 |  5.6
Ranged Weapons | 5 6 7 8 10 | 10.0
Dodging        | |  2.6
Stealth        | |  1.5

Action                     |  1- 3 |  4- 6 |  7- 9 || total
---------------------------+-------+-------+-------++-------
   Fire: Shortbow          |    91 |   313 |   156 ||   560
    Use: Scroll            |       |     1 |       ||     1
 Armour: Robe              |    10 |    45 |    21 ||    76
         Skin              |       |       |     9 ||     9
  Dodge: Dodged            |    18 |   210 |    35 ||   263

Table legend: (Time is in decaauts)
 A = Elapsed time spent in this place.
 B = Non-inter-level travel time spent in this place.
 C = Inter-level travel time spent in this place.
 D = Time resting spent in this place.
 E = Time spent auto-exploring this place.
 F = Levels seen in this place.
 G = Mean time per level.
                   A        B        C        D        E       F      G
               +--------+--------+--------+--------+--------+-----+--------+
         Total |   3650 |   3567 |     83 |    689 |   1976 |   8 |  456.2 |
       Dungeon |   3650 |   3567 |     83 |    689 |   1976 |   8 |  456.2 |
               +--------+--------+--------+--------+--------+-----+--------+

Top non-repeatable levels by time:
     D:4: 1815 daAuts
     D:3: 644 daAuts
     D:2: 526 daAuts
     D:1: 514 daAuts
     D:5: 109 daAuts
     D:6: 24 daAuts
     D:8: 11 daAuts
     D:7: 4 daAuts
